 Dungeon Crawl Stone Soup version 0.14-a0-3376-gf173aa4 (webtiles) character file.

223 KaKa the Cudgeler (level 5, -2/45 HPs)
             Began as a Minotaur Fighter on Mar 20, 2014.
             Slain by Crazy Yiuf
             ... wielding a +2,+4 quarterstaff of chaos
              (4 damage)
             ... on Level 2 of the Dungeon.
             The game lasted 00:07:59 (1798 turns).

KaKa the Cudgeler (Minotaur Fighter)                Turns: 1798, Time: 00:07:59

HP  -2/45        AC  6     Str 21      XL: 5   Next: 35%
MP   0/2         EV  6     Int  5      God:
Gold 41          SH 19     Dex 10      Spells:  0 memorised,  4 levels left

rFire  + . .     SeeInvis .     a - +0 flail
rCold  . . .     Clarity  .     b - +0 scale mail
rNeg   . . .     Conserve .     c - +0 shield
rPois  .         rCorr    .     (helmet restricted)
rElec  .         rRot     .     (no cloak)
SustAb . .       Spirit   .     (no gloves)
rMut   .         Warding  .     (no boots)
Saprov . . .     Stasis   .     i - amulet of faith {unknown}
MR     .....                    (no ring)
                                l - ring of protection from fire

@: not resistant to hostile enchantments, extremely unstealthy
A: retaliatory headbutt, horns 2
a: no special abilities


You were on level 2 of the Dungeon.
You were hungry.

You visited 1 branch of the dungeon, and saw 2 of its levels.

You collected 41 gold pieces.

Inventory:

Hand weapons
 a - a +0,+0 flail (weapon)
Armour
 b - a +0 scale mail (worn)
 c - a +0 shield (worn)
Magical devices
 e - a wand of polymorph (0)
Comestibles
 d - 3 bread rations
 f - an apple
 k - 2 rotting chunks of gnoll flesh
 o - a pear
Scrolls
 g - 3 scrolls of enchant weapon II {unknown}
 m - 5 scrolls of identify {unknown}
 n - a scroll of random uselessness {unknown}
 q - a scroll of magic mapping {unknown}
Jewellery
 i - an amulet of faith (around neck) {unknown}
 l - a ring of protection from fire (left hand)
Potions
 h - a potion of haste
 j - a potion of curing
 p - a potion of invisibility {unknown}


   Skills:
 - Level 3.6 Fighting
 + Level 5.0 Maces & Flails
 - Level 3.6 Armour
 - Level 3.8 Dodging
 - Level 0.3 Stealth
 - Level 3.6 Shields


You had 4 spell levels left.
You didn't know any spells.

Dungeon Overview and Level Annotations

Branches:
Dungeon (2/15)

Altars:
Elyvilon

Annotations:
D:2 Crazy Yiuf


Innate Abilities, Weirdness & Mutations

You reflexively headbutt those who attack you in melee.
You have a pair of horns on your head.


Message History

Crazy Yiuf hits you with a quarterstaff of chaos!
You feel your power leaking away.
Your shield and scale mail prevent you from hitting Crazy Yiuf.
Crazy Yiuf is severely wounded.
Crazy Yiuf hits you but does no damage.
You are more poisoned.
You hit Crazy Yiuf.
Crazy Yiuf is almost dead.
You feel sick. You block Crazy Yiuf's attack.
Drink which item? (? for menu, Esc to quit)
You feel better.
Crazy Yiuf hits you with a quarterstaff of chaos!
* * * LOW HITPOINT WARNING * * *
x2 Unknown command.
You hit Crazy Yiuf but do no damage. Your headbutt misses Crazy Yiuf.
Crazy Yiuf is almost dead.
Crazy Yiuf hits you with a quarterstaff of chaos!
* * * LOW HITPOINT WARNING * * *
Crazy Yiuf freezes you.
You die...

..#............#####
..#.#..#...........##
..'...#........##...#
..#..#..#....####..##
..#.#..#.....###....##
..#...#...####♣♣♣...♣♣
+##..#..#..###♣♣...♣♣♣
.##.#..#.....#♣♣♣.♣♣♣♣
.##...#....###♣♣@♣♣♣♣
..(..#..#..###♣♣♣g♣♣
.#..#..#.....#♣♣♣.♣♣
.'....#......# ♣♣♣.♣
.##..#..#....# ♣##.#
.##.#..#.....# ..
.##..........# ..#
############## .)# ###


You could see Crazy Yiuf.

Vanquished Creatures
  Sigmund (D:2)
  4 adders (D:2)
  4 gnolls (D:2)
  2 giant geckos
  2 giant cockroaches
  2 goblins
  4 hobgoblins
  2 jackals (D:1)
  5 bats (D:1)
  8 kobolds
  6 rats
40 creatures vanquished.

Notes
Turn   | Place    | Note
--------------------------------------------------------------
     0 | D:1      | KaKa, the Minotaur Fighter, began the quest for the Orb.
     0 | D:1      | Reached XP level 1. HP: 19/19 MP: 1/1
   253 | D:1      | Reached XP level 2. HP: 13/26 MP: 1/1
   670 | D:1      | Reached skill level 1 in Dodging
   973 | D:2      | Noticed Sigmund
  1056 | D:2      | Reached XP level 3. HP: 16/31 MP: 2/2
  1387 | D:2      | Reached XP level 4. HP: 39/39 MP: 2/2
  1406 | D:2      | Killed Sigmund
  1406 | D:2      | Reached skill level 4 in Maces & Flails
  1406 | D:2      | Reached XP level 5. HP: 31/45 MP: 2/2
  1540 | D:2      | Found a white marble altar of Elyvilon.
  1745 | D:2      | Reached skill level 5 in Maces & Flails
  1782 | D:2      | Noticed Crazy Yiuf
  1798 | D:2      | HP: 2/45 [Crazy Yiuf/quarterstaff of chaos (7)]
  1798 | D:2      | Slain by Crazy Yiuf

Action                   |  1- 3 |  4- 6 || total
-------------------------+-------+-------++-------
Melee: Flail             |    85 |    48 ||   133
  Use: Potion            |     5 |     1 ||     6
